General information
- name: BNet
- type: Ladder team game (AT/RT)
- host: Battle.net
- saver: MrFrosty
map: Monsoon
- players: 6
- length: 34:59
- speed: Fast
- version: 1.23 W3XP
- replay type: Public
» download(289 KB)
Players
team 1 (winner)
MrFrosty (
orange | 84 APM | 2948 actions | 34:59)
6 Mountain King
3 Storm Bolt
2 Bash
1 Avatar
5 Paladin
3 Holy Light
2 Divine Shield
» actions
| Assign group hotkey | 18 | |
| Basic commands | 21 | |
| Build / train | 103 | |
| Enter build submenu | 44 | |
| Enter hero's abilities submenu | 11 | |
| Give item / drop item | 11 | |
| Right click | 1584 | |
| Select / deselect | 572 | |
| Select group hotkey | 378 | |
| Use ability | 206 | |
2948 total
» units
| Peasant | 18 | |
| Sorceress | 2 | |
| Priest | 2 | |
22 total
» upgrades
| Masonry | 3 | |
| Lumber Harvesting | 2 | |
| Magic Sentry | 1 | |
| Sorceress Training | 2 | |
| Priest Training | 2 | |
| Backpack | 1 | |
11 total
» buildings
| Altar of Kings | 1 | |
| Farm | 4 | |
| Scout Tower | 46 | |
| Lumber Mill | 1 | |
| Arcane Tower | 10 | |
| Guard Tower | 22 | |
| Arcane Vault | 1 | |
| Town Hall | 1 | |
| Keep | 1 | |
| Arcane Sanctum | 1 | |
| Castle | 1 | |
89 total
» build order
00:07 Altar of Kings
00:13 Farm
00:38 Scout Tower
00:49 Lumber Mill
01:08 Arcane Tower
01:30 Farm
01:43 Scout Tower
02:13 Guard Tower
02:15 Scout Tower
02:48 Guard Tower
02:52 Scout Tower
03:33 Guard Tower
03:34 Scout Tower
03:49 Arcane Vault
04:08 Guard Tower
04:10 Scout Tower
04:11 Scout Tower
04:12 Scout Tower
04:59 Town Hall
05:03 Scout Tower
05:06 Farm
05:34 Guard Tower
05:37 Arcane Tower
05:39 Scout Tower
05:52 Guard Tower
06:28 Guard Tower
06:30 Scout Tower
06:31 Scout Tower
07:13 Keep
07:15 Guard Tower
07:16 Scout Tower
07:43 Arcane Tower
07:46 Farm
07:50 Guard Tower
07:51 Scout Tower
08:33 Guard Tower
08:34 Scout Tower
09:07 Arcane Tower
09:26 Scout Tower
09:28 Scout Tower
09:28 Scout Tower
09:32 Scout Tower
09:46 Arcane Sanctum
09:58 Scout Tower
10:32 Arcane Tower
10:57 Arcane Tower
11:00 Guard Tower
11:13 Guard Tower
11:15 Scout Tower
11:19 Scout Tower
11:19 Scout Tower
11:57 Guard Tower
11:58 Castle
12:54 Guard Tower
13:21 Scout Tower
13:22 Scout Tower
13:52 Arcane Tower
13:54 Scout Tower
13:55 Scout Tower
16:19 Arcane Tower
16:21 Guard Tower
16:23 Scout Tower
16:24 Scout Tower
16:25 Scout Tower
16:27 Guard Tower
17:13 Scout Tower
17:14 Scout Tower
17:15 Scout Tower
17:18 Arcane Tower
17:19 Guard Tower
17:58 Arcane Tower
17:59 Guard Tower
18:19 Guard Tower
18:24 Scout Tower
18:25 Scout Tower
18:26 Scout Tower
18:28 Scout Tower
21:59 Guard Tower
22:03 Scout Tower
23:29 Scout Tower
23:30 Scout Tower
23:30 Scout Tower
23:31 Scout Tower
24:22 Guard Tower
24:25 Guard Tower
32:55 Scout Tower
32:55 Scout Tower
32:56 Scout Tower
32:57 Scout Tower
» items
| Scroll of Regeneration | 1 | |
| Lesser Clarity Potion | 12 | |
| Boots of Speed | 2 | |
| Staff of Teleportation | 2 | |
| Healing Salve | 3 | |
| Orb of Lightning | 1 | |
| Staff of Sanctuary | 2 | |
23 total
OblivionXXLBoob (
green | 125 APM | 4361 actions | 34:54)
5 Archmage
3 Blizzard
2 Brilliance Aura
4 Blood Mage
2 Flame Strike
1 Banish
1 Siphon Mana
3 Pit Lord
2 Rain of Fire
1 Howl of Terror
» actions
| Assign group hotkey | 37 | |
| Basic commands | 91 | |
| Build / train | 111 | |
| ESC pressed | 1 | |
| Enter build submenu | 47 | |
| Enter hero's abilities submenu | 12 | |
| Give item / drop item | 6 | |
| Right click | 1706 | |
| Select / deselect | 304 | |
| Select group hotkey | 1749 | |
| Use ability | 297 | |
4361 total
» units
| Peasant | 20 | |
| Sorceress | 3 | |
| Priest | 3 | |
26 total
» upgrades
| Masonry | 3 | |
| Lumber Harvesting | 2 | |
| Magic Sentry | 1 | |
| Sorceress Training | 2 | |
| Priest Training | 2 | |
10 total
» buildings
| Altar of Kings | 1 | |
| Farm | 5 | |
| Scout Tower | 46 | |
| Arcane Tower | 6 | |
| Lumber Mill | 1 | |
| Guard Tower | 22 | |
| Keep | 2 | |
| Town Hall | 1 | |
| Castle | 4 | |
| Arcane Sanctum | 1 | |
| Arcane Vault | 5 | |
94 total
» build order
00:09 Altar of Kings
00:21 Farm
00:51 Farm
01:06 Scout Tower
01:36 Farm
01:40 Arcane Tower
01:55 Scout Tower
02:10 Lumber Mill
02:15 Scout Tower
02:43 Arcane Tower
03:01 Scout Tower
03:02 Scout Tower
03:14 Guard Tower
03:15 Guard Tower
03:33 Guard Tower
04:23 Scout Tower
04:24 Scout Tower
04:26 Scout Tower
04:37 Keep
04:38 Keep
05:29 Guard Tower
05:30 Guard Tower
05:32 Scout Tower
05:33 Scout Tower
05:39 Scout Tower
06:21 Arcane Tower
06:24 Scout Tower
06:33 Town Hall
06:51 Scout Tower
06:51 Scout Tower
06:55 Scout Tower
07:11 Farm
07:15 Farm
08:04 Guard Tower
08:28 Castle
08:28 Castle
08:42 Scout Tower
08:43 Scout Tower
08:45 Scout Tower
08:45 Scout Tower
08:46 Scout Tower
08:47 Scout Tower
09:33 Arcane Sanctum
09:35 Guard Tower
09:35 Guard Tower
10:08 Guard Tower
10:12 Guard Tower
10:26 Scout Tower
10:27 Scout Tower
12:06 Guard Tower
12:07 Scout Tower
12:07 Scout Tower
12:08 Scout Tower
12:11 Arcane Tower
13:38 Scout Tower
13:39 Scout Tower
13:39 Scout Tower
13:40 Scout Tower
14:11 Arcane Vault
14:11 Arcane Vault
14:14 Arcane Vault
14:18 Arcane Vault
14:20 Arcane Vault
14:48 Arcane Tower
14:49 Guard Tower
14:49 Guard Tower
15:00 Scout Tower
15:01 Guard Tower
15:03 Scout Tower
15:03 Scout Tower
15:03 Scout Tower
15:46 Guard Tower
16:30 Guard Tower
17:50 Arcane Tower
25:52 Scout Tower
25:53 Scout Tower
25:53 Scout Tower
25:54 Scout Tower
25:54 Scout Tower
25:55 Scout Tower
25:56 Scout Tower
25:57 Scout Tower
25:57 Scout Tower
25:58 Scout Tower
25:58 Scout Tower
25:59 Scout Tower
28:34 Guard Tower
28:34 Guard Tower
» items
| Boots of Speed | 3 | |
| Staff of Teleportation | 3 | |
| Circlet of Nobility | 4 | |
| Healing Salve | 2 | |
| Orb of Lightning | 3 | |
| Staff of Sanctuary | 3 | |
18 total
way.2ez (
teal | 50 APM | 1755 actions | 34:53)
7 Blademaster
3 Wind Walk
3 Critical Strike
1 Bladestorm
» actions
| Assign group hotkey | 20 | |
| Basic commands | 17 | |
| Build / train | 108 | |
| ESC pressed | 10 | |
| Enter build submenu | 80 | |
| Enter hero's abilities submenu | 7 | |
| Give item / drop item | 3 | |
| Right click | 510 | |
| Select / deselect | 285 | |
| Select group hotkey | 487 | |
| Use ability | 228 | |
1755 total
» units
| Peon | 41 | |
| Troll Batrider | 21 | |
| Demolisher | 1 | |
63 total
» upgrades
| Liquid Fire | 1 | |
| Ranged Weapons | 3 | |
| Spiked Barricades | 1 | |
| Troll Regeneration | 1 | |
| Burning Oil | 1 | |
| Reinforced Defenses | 1 | |
8 total
» buildings
| Altar of Storms | 2 | |
| Orc Burrow | 10 | |
| War Mill | 2 | |
| Watch Tower | 46 | |
| Voodoo Lounge | 4 | |
| Stronghold | 4 | |
| Fortress | 3 | |
| Beastiary | 7 | |
| Great Hall | 5 | |
| Barracks | 1 | |
84 total
» build order
00:06 Altar of Storms
00:17 Orc Burrow
00:29 War Mill
01:40 Watch Tower
01:51 Orc Burrow
02:25 Watch Tower
02:46 Voodoo Lounge
02:50 Watch Tower
02:57 Voodoo Lounge
03:26 Watch Tower
04:05 Watch Tower
04:27 Stronghold
04:27 Stronghold
04:42 Watch Tower
04:56 Voodoo Lounge
05:27 Watch Tower
05:47 Watch Tower
06:24 Watch Tower
06:26 Watch Tower
06:40 Voodoo Lounge
06:48 Fortress
06:48 Fortress
06:50 Beastiary
06:55 Beastiary
07:11 Orc Burrow
07:12 Orc Burrow
07:47 Watch Tower
07:49 Watch Tower
08:22 Great Hall
09:02 Watch Tower
09:02 Watch Tower
10:08 Watch Tower
10:09 Watch Tower
11:14 Watch Tower
11:14 Watch Tower
12:02 Watch Tower
12:02 Watch Tower
12:03 Watch Tower
12:04 Watch Tower
12:05 Watch Tower
13:47 Watch Tower
14:10 Watch Tower
14:54 Watch Tower
15:15 Watch Tower
17:04 Watch Tower
19:20 Beastiary
19:21 Beastiary
19:32 Beastiary
19:37 Beastiary
19:38 Beastiary
21:18 Barracks
21:48 Orc Burrow
21:49 Orc Burrow
21:52 Orc Burrow
22:37 Altar of Storms
22:40 War Mill
22:43 Orc Burrow
22:45 Orc Burrow
22:48 Orc Burrow
25:20 Watch Tower
25:21 Watch Tower
25:22 Watch Tower
25:22 Watch Tower
26:42 Watch Tower
26:43 Watch Tower
27:02 Great Hall
27:16 Great Hall
27:24 Watch Tower
27:49 Watch Tower
27:49 Watch Tower
28:40 Watch Tower
28:54 Great Hall
29:10 Watch Tower
29:10 Watch Tower
29:46 Watch Tower
29:53 Watch Tower
31:02 Watch Tower
32:48 Watch Tower
32:54 Watch Tower
32:55 Watch Tower
34:32 Great Hall
» items
| Staff of Teleportation | 2 | |
| Boots of Speed | 5 | |
| Lesser Clarity Potion | 7 | |
| Healing Salve | 2 | |
| Orb of Lightning | 1 | |
| Scroll of Town Portal | 1 | |
| Potion of Lesser Invulnerability | 1 | |
19 total
team 2 (loser)

»
dissfunkchinail (
pink | 146 APM | 5109 actions | 34:53)
6 Tauren Chieftain
2 War Stomp
3 Endurance Aura
1 Reincarnation
» actions
| Assign group hotkey | 69 | |
| Basic commands | 355 | |
| Build / train | 91 | |
| Enter build submenu | 18 | |
| Enter hero's abilities submenu | 6 | |
| Remove unit from queue | 6 | |
| Right click | 2103 | |
| Select / deselect | 712 | |
| Select group hotkey | 1597 | |
| Use ability | 152 | |
5109 total
» units
| Peon | 20 | |
| Grunt | 11 | |
| Troll Headhunter/Berserker | 8 | |
| Shaman | 11 | |
| Troll Witch Doctor | 12 | |
62 total
» upgrades
| Berserker Strength | 1 | |
| Shaman Training | 2 | |
| Witch Doctor Training | 2 | |
| Pillage | 1 | |
6 total
» buildings
| Altar of Storms | 1 | |
| Orc Burrow | 7 | |
| Barracks | 1 | |
| War Mill | 1 | |
| Voodoo Lounge | 1 | |
| Stronghold | 4 | |
| Spirit Lodge | 2 | |
| Fortress | 1 | |
| Great Hall | 1 | |
19 total
» build order
00:07 Altar of Storms
00:11 Orc Burrow
00:31 Barracks
01:32 Orc Burrow
02:42 Orc Burrow
03:32 War Mill
03:50 Voodoo Lounge
05:56 Stronghold
05:57 Stronghold
05:57 Stronghold
06:39 Orc Burrow
08:23 Spirit Lodge
09:25 Spirit Lodge
11:08 Fortress
11:26 Orc Burrow
17:08 Great Hall
33:05 Orc Burrow
33:08 Orc Burrow
» items
| Boots of Speed | 1 | |
| Healing Salve | 2 | |
| Lesser Clarity Potion | 1 | |
| Potion of Healing | 1 | |
5 total
gangoffuku (
red | 112 APM | 3891 actions | 34:42)
5 Blademaster
3 Critical Strike
2 Wind Walk
» actions
| Assign group hotkey | 32 | |
| Basic commands | 420 | |
| Build / train | 119 | |
| Enter build submenu | 18 | |
| Enter hero's abilities submenu | 5 | |
| Give item / drop item | 2 | |
| Remove unit from queue | 15 | |
| Right click | 1703 | |
| Select / deselect | 784 | |
| Select group hotkey | 707 | |
| Use ability | 86 | |
3891 total
» units
| Peon | 38 | |
| Grunt | 14 | |
| Demolisher | 17 | |
| Tauren | 7 | |
76 total
» upgrades
| Berserker Strength | 1 | |
| Armor | 3 | |
| Melee Weapons | 2 | |
| Burning Oil | 1 | |
| Pulverize | 1 | |
8 total
» buildings
| Orc Burrow | 8 | |
| Altar of Storms | 1 | |
| Barracks | 3 | |
| Voodoo Lounge | 1 | |
| Great Hall | 2 | |
| Stronghold | 1 | |
| War Mill | 1 | |
| Fortress | 1 | |
| Tauren Totem | 2 | |
20 total
» build order
00:08 Orc Burrow
00:10 Altar of Storms
00:28 Barracks
01:29 Orc Burrow
01:48 Voodoo Lounge
02:48 Orc Burrow
04:28 Great Hall
05:34 Stronghold
05:53 War Mill
07:02 Barracks
07:04 Barracks
09:10 Orc Burrow
09:12 Orc Burrow
09:53 Orc Burrow
14:39 Fortress
17:14 Tauren Totem
17:17 Tauren Totem
24:38 Orc Burrow
25:55 Great Hall
26:10 Orc Burrow
» items
| Healing Salve | 5 | |
| Scroll of Town Portal | 1 | |
| Lesser Clarity Potion | 1 | |
| Potion of Healing | 1 | |
| Boots of Speed | 1 | |
9 total
ShadowJedi187 (
yellow | 79 APM | 2757 actions | 34:49)
3 Demon Hunter
2 Mana Burn
1 Evasion
4 Priestess of the Moon
2 Searing Arrows
2 Trueshot Aura
» actions
| Assign group hotkey | 44 | |
| Basic commands | 309 | |
| Build / train | 105 | |
| ESC pressed | 4 | |
| Enter build submenu | 28 | |
| Enter hero's abilities submenu | 7 | |
| Give item / drop item | 2 | |
| Remove unit from queue | 4 | |
| Right click | 959 | |
| Select / deselect | 484 | |
| Select group hotkey | 753 | |
| Use ability | 58 | |
2757 total
» units
| Wisp | 22 | |
| Huntress | 2 | |
| Dryad | 12 | |
| Druid of the Talon | 3 | |
| Chimaera | 24 | |
| Hippogryph | 10 | |
| Archer | 9 | |
82 total
» upgrades
| Strength of the Wild | 2 | |
| Abolish Magic | 1 | |
| Corrosive Breath | 1 | |
| Reinforced Hides | 1 | |
5 total
» buildings
| Altar of Elders | 3 | |
| Moon Well | 8 | |
| Tree of Ages | 4 | |
| Hunter's Hall | 1 | |
| Ancient of War | 3 | |
| Ancient of Lore | 2 | |
| Tree of Eternity | 1 | |
| Ancient of Wind | 1 | |
| Tree of Life | 6 | |
| Chimaera Roost | 2 | |
31 total
» build order
00:17 Altar of Elders
00:19 Moon Well
01:11 Moon Well
02:09 Tree of Ages
02:35 Hunter's Hall
02:42 Ancient of War
02:47 Moon Well
04:00 Moon Well
04:40 Ancient of Lore
04:44 Ancient of Lore
07:49 Tree of Eternity
08:38 Moon Well
09:07 Ancient of Wind
09:22 Tree of Life
10:22 Chimaera Roost
11:17 Moon Well
12:16 Moon Well
13:41 Moon Well
14:47 Chimaera Roost
17:19 Tree of Life
21:51 Tree of Life
22:05 Altar of Elders
25:19 Tree of Life
25:30 Tree of Ages
25:36 Tree of Ages
25:44 Altar of Elders
26:11 Ancient of War
26:37 Tree of Life
26:56 Ancient of War
32:38 Tree of Life
Chat log
(02:57 / All) OblivionXXLBoob: stop it faggot
(03:02 / All) ShadowJedi187: no bitch
(03:06 / All) dissfunkchinail: ha
(04:05 / All) ShadowJedi187: ur lucky im out of mana burn
(04:10 / All) OblivionXXLBoob: Ye
(04:13 / All) ShadowJedi187: lol
(06:52 / All) ShadowJedi187: what the hell is this td?
(06:58 / All) OblivionXXLBoob: tower defense td
(07:00 / All) OblivionXXLBoob: tdtd
(12:17 / All) ShadowJedi187: hi
(17:28 / All) gangoffuku: !
(17:54 / All) OblivionXXLBoob: !!
(24:59 / All) OblivionXXLBoob: yo
(25:05 / All) OblivionXXLBoob: how much gold u got
(26:21 / All) OblivionXXLBoob: 2 late
(26:23 / All) OblivionXXLBoob: nub cake
(29:39 / All) OblivionXXLBoob: teal
(29:44 / All) OblivionXXLBoob: do u usually throw the game for ur team like this
(31:19 / All) OblivionXXLBoob: nice attack
(32:04 / All) MrFrosty: yo teals original mine has less in it than yours pink
(32:23 / All) MrFrosty: how did you manage such a feat?
(32:39 / All) MrFrosty: gold conservation skills like that are incredible
(32:51 / All) OblivionXXLBoob: pinks got a free expo
(33:05 / All) MrFrosty: are you the quartermaster for your team?
(34:14 / All) MrFrosty: thanks for not cancelling
(34:45 / All) ShadowJedi187: the best strat ever
(34:47 / All) way.2ez: 2ez
(34:48 / All) OblivionXXLBoob: shoulda kept the DH
(34:49 / All) dissfunkchinail: haha
(34:50 / All) MrFrosty: yo what happened to your dh?